 Dungeon Crawl Stone Soup version 0.28-a0-883-gc8d7bad45d (webtiles) character file.

Game seed: 4144860842030843054

6745 orbtoucher the Blocker (level 11, -1/72 HPs)
             Began as an Octopode Venom Mage on Nov 21, 2021.
             Was a Believer of Nemelex Xobeh.
             Succumbed to a cane toad's poison
             ... on level 1 of the Lair of Beasts.
             The game lasted 02:02:43 (18342 turns).

orbtoucher the Blocker (Octopode Venom Mage)       Turns: 18342, Time: 02:02:43

Health: -1/72      AC:  1    Str:  7    XL:     11   Next: 4%
Magic:  17/17      EV: 28    Int: 20    God:    Nemelex Xobeh [**....]
Gold:   214        SH: 12    Dex: 14    Spells: 8/18 levels left

rFire   . . .      SeeInvis .   a - +1 dagger (drain)
rCold   . . .      Faith    .   x - +0 kite shield
rNeg    . . .      Spirit   .   (helmet restricted)
rPois   +          Reflect  .   m - amulet of the acrobat
rElec   .          Harm     .   u - ring of poison resistance
rCorr   .          Rampage  .   (no ring)
Will    .....                   (no ring)
Stlth   ++++......              (no ring)
HPRegen 0.22/turn               (no ring)
MPRegen 0.15/turn               (no ring)
                                (no ring)
                                (no ring)

@: mighty, lethally poisoned (-1 -> -15), acrobatic, hasted, very quick
A: almost no armour, amphibious, 8 rings, camouflage 1, gelatinous body 1,
(nimble swimmer 1), tentacles
a: Renounce Religion, Draw Escape, Draw Destruction, Draw Summoning


You were on level 1 of the Lair of Beasts.
You worshipped Nemelex Xobeh.
Nemelex Xobeh was pleased with you.
You visited 3 branches of the dungeon, and saw 11 of its levels.

You collected 454 gold pieces.
You spent 240 gold pieces at shops.

Inventory:

Hand Weapons
 a - a +1 dagger of draining (weapon)
 b - a +0 hand crossbow
 v - a +2 dagger
 w - a +3 trident
Missiles
 c - 254 stones (quivered)
 p - a throwing net
 r - a curare-tipped dart
 s - 103 bolts
Armour
 j - a +0 buckler
 q - a +1 tower shield of reflection
 x - a +0 kite shield (worn)
Jewellery
 m - an amulet of the acrobat (around mantle)
 u - a ring of poison resistance (left tentacle)
Wands
 d - a wand of iceblast (6)
Scrolls
 e - a scroll of enchant weapon
 f - a scroll of amnesia
 y - a scroll of identify
Potions
 g - a potion of cancellation {unknown}
 h - a potion of resistance {unknown}
 i - a potion of might
 l - a potion of haste
 n - a potion of attraction {unknown}
 t - a potion of brilliance {unknown}


   Skills:
 + Level 5.9 Fighting
 - Level 3.0 Dodging
 - Level 4.0 Stealth
 * Level 11.4 Shields
 - Level 4.0 Spellcasting
 - Level 3.0 Conjurations
 - Level 1.0 Transmutations
 - Level 3.0 Air Magic
 - Level 10.0 Poison Magic


You had 8 spell levels left.
You knew the following spells:

 Your Spells              Type           Power      Damage    Failure   Level
a - Sting                 Tmut/Pois      100%       1d8       1%          1
c - Mephitic Cloud        Conj/Pois/Air  25%        N/A       7%          3
o - Olgreb's Toxic Radia  Pois           44%        N/A       3%          4
v - Poisonous Vapours     Pois/Air       60%        N/A       1%          2

Your spell library contained the following spells:

 Spells                   Type           Power      Damage    Failure   Level
 Corpse Rot               Necr/Air       20%        N/A       16%         2
 Scorch                   Fire           8%         2d5       30%         2
 Flame Wave               Conj/Fire      10%        3d4       71%         4
 Dispel Undead            Necr           4%         3d7       89%         4
 Death Channel            Necr           2%         N/A       100%        6
 Summon Cactus Giant      Summ           2%         N/A       100%        6


Dungeon Overview and Level Annotations

Branches:
Dungeon (9/15)             Temple (1/1) D:4            Lair (1/6) D:8
    Orc: D:9-12

Altars:
Ashenzari
Cheibriados
Dithmenos
Elyvilon
Fedhas
Gozag
Hepliaklqana
Kikubaaqudgha
Makhleb
Nemelex Xobeh
Okawaru
Qazlal
Ru
Sif Muna
Trog
Uskayaw
Vehumet
Wu Jian
Xom
Yredelemnul
Zin
The Shining One

Shops:
D:1 =   D:5 (   D:8 (

Annotations:
D:7 exclusion: 2 downstairs
D:8 2 transporters, avis's ghost, novice OpTm
D:9 exclusion: ugly thing
Lair:1 1 runed translucent door, ders's ghost, journeyman GrEE


Innate Abilities, Weirdness & Mutations

You cannot wear most types of armour.
You are amphibious.
You can wear up to eight rings at the same time.
Your skin changes colour to match your surroundings (Stealth+).
Your rubbery body absorbs attacks. (AC +1, EV +1)
((You are camouflaged near water. (Stealth+)))
You have tentacles for arms and can constrict up to eight enemies at once.


Message History

* * * LOW HITPOINT WARNING * * *
You hit the cane toad. You drain the cane toad. You grab the cane toad.
The cane toad is lightly wounded.
You constrict the cane toad, but do no damage.
You block the cane toad's attack. x2
You puncture the cane toad! You squeeze the cane toad!
The cane toad is heavily wounded.
You constrict the cane toad. You block the cane toad's attack.
You release your grip on the cane toad.
You hit the cane toad but do no damage. You grab the cane toad.
You constrict the cane toad, but do no damage.
The cane toad misses you.
You puncture the cane toad! You drain the cane toad. You squeeze the cane toad!
The cane toad is heavily wounded.
You constrict the cane toad, but do no damage.
The cane toad struggles to escape constriction.
You completely miss the cane toad.
The cane toad is heavily wounded.
You constrict the cane toad. You hit the cane toad. You drain the cane toad.
The cane toad is almost dead.
You constrict the cane toad, but do no damage.
The cane toad struggles to escape constriction.
You hit the cane toad.
The cane toad is almost dead.
You constrict the cane toad, but do no damage.
The cane toad struggles to escape constriction.
You hit the cane toad. You squeeze the cane toad.
The cane toad is almost dead.
You constrict the cane toad.
The cane toad escapes!
You block the cane toad's attack. The cane toad stings you.
* * * LOW HITPOINT WARNING * * *
You hit the cane toad.
You kill the cane toad!
The cane toad stings you!
* * * LOW HITPOINT WARNING * * *
You are lethally poisoned!
The cane toad poisons you!
You die...
Your body disappears without a glow.

#.# ##.##.##.# #.#
####..### #.# ###.###
#.#### ###.#.#.###
######'##P# ##..........
#.........# ##...........
#.........####...........#
#.........#....#.........#
#........@.)#.##.........#
#P.........#F####.........#
##.........### #.........#
#.........# #.........#
#.........# #.........#
#.........# ###########
#.........# ######^.###
####


You could see a cane toad (drained).

Vanquished Creatures
  2 cane toads
  2 komodo dragons
  A troll (D:8)
  A hornet (D:8)
  5 blink frogs (Lair:1)
  A wyvern (D:9)
  3 yaks (D:8)
  5 water moccasins
  3 orc warriors
  A necrophage (D:6)
  A centaur (D:8)
  3 ogres
  6 wolves
  2 kobold brigands (D:8)
  7 bullfrogs
  A scorpion (D:5)
  2 water moccasin zombies
  A water moccasin skeleton (D:5)
  A wight (D:6)
  4 electric eels (D:8)
  A bullfrog skeleton (D:6)
  6 hounds
  An orc priest (D:8)
  A centaur skeleton (D:7)
  A gnoll shaman (D:8)
  4 iguanas
  3 orc wizards
  A killer bee zombie (D:6)
  11 gnolls
  A howler monkey zombie (D:8)
  6 adders
  A white imp (D:7)
  2 ufetubi
  An adder skeleton (D:5)
  A worm (D:2)
  A dart slug (D:4)
  20 orcs
  6 endoplasms
  A giant cockroach (D:3)
  8 goblins
  3 hobgoblins
  2 jackals (D:2)
  4 quokkas
  3 training dummies (D:5)
  5 ball pythons
  5 bats
  A frilled lizard (D:2)
  11 kobolds
  26 rats
189 creatures vanquished.

Vanquished Creatures (collateral kills)
  5 wights (D:8)
5 creatures vanquished.

Vanquished Creatures (others)
  4 fungi (Lair:1)
  5 plants
  2 withered plants (Lair:1)
11 creatures vanquished.

Grand Total: 205 creatures vanquished

Notes
Turn   | Place    | Note
-------+----------+-------------------------------------------
     0 | D:1      | orbtoucher the Octopode Venom Mage began the quest for the
                  | Orb.
     0 | D:1      | Reached XP level 1. HP: 11/11 MP: 3/3
   288 | D:1      | Found Kuitip's Jewellery Boutique.
   403 | D:1      | Reached XP level 2. HP: 18/18 MP: 3/5
   406 | D:1      | Learned a level 2 spell: Poisonous Vapours
  1369 | D:2      | Reached skill level 1 in Fighting
  1369 | D:2      | Reached XP level 3. HP: 21/23 MP: 1/6
  1447 | D:2      | Learned a level 3 spell: Mephitic Cloud
  2299 | D:2      | Found a faded altar of an unknown god.
  2451 | D:2      | Reached XP level 4. HP: 26/28 MP: 2/7
  3775 | D:3      | Found a broken altar of Ashenzari.
  4180 | D:3      | Noticed an ogre
  4817 | D:4      | Reached skill level 1 in Air Magic
  4821 | D:4      | Noticed an ogre
  4931 | D:4      | Found a staircase to the Ecumenical Temple.
  4932 | D:4      | Noticed an ogre
  5006 | D:4      | Killed an ogre
  5007 | D:4      | Reached skill level 1 in Shields
  5007 | D:4      | Reached skill level 1 in Conjurations
  5007 | D:4      | Reached skill level 5 in Poison Magic
  5007 | D:4      | Reached XP level 5. HP: 33/33 MP: 0/8
  5116 | Temple   | Entered the Ecumenical Temple
  5690 | Temple   | Became a worshipper of Nemelex Xobeh the Trickster
  5912 | D:4      | Killed an ogre
  5913 | D:4      | Reached skill level 2 in Shields
  5913 | D:4      | Reached XP level 6. HP: 38/38 MP: 2/9
  6665 | D:5      | Entered Level 5 of the Dungeon
  7113 | D:5      | Reached XP level 7. HP: 43/43 MP: 3/10
  7178 | D:5      | Reached skill level 3 in Shields
  7747 | D:5      | Found Cishanta's Firing Range.
  8287 | D:5      | Reached * piety under Nemelex Xobeh
  8287 | D:5      | Received a gift from Nemelex Xobeh
  8313 | D:5      | Learned a level 4 spell: Olgreb's Toxic Radiance
  8618 | D:6      | Reached skill level 4 in Shields
  9168 | D:6      | Reached XP level 8. HP: 48/48 MP: 4/11
  9735 | D:7      | Reached skill level 5 in Shields
 10128 | D:8      | Noticed a hornet
 10303 | D:8      | Found a transporter.
 10549 | D:8      | Reached skill level 6 in Shields
 10648 | D:8      | Noticed an ancient zyme
 10702 | D:8      | Reached skill level 7 in Shields
 11086 | D:7      | You fall into a shaft and drop 2 floors!
 11141 | D:8      | Identified a scroll of acquirement
 11141 | D:8      | Acquired a +1 tower shield of reflection
 11175 | D:7      | Reached XP level 9. HP: 53/53 MP: 1/12
 12177 | D:8      | Found a transporter.
 12261 | D:8      | Noticed a troll
 12461 | D:8      | Killed a hornet
 12462 | D:8      | Reached skill level 8 in Shields
 13091 | D:8      | Killed a troll
 13936 | D:8      | Reached ** piety under Nemelex Xobeh
 13936 | D:8      | Found Atopli Bigro's Weapon Shoppe.
 14087 | D:8      | Reached skill level 9 in Shields
 14211 | D:8      | Found a staircase to the Lair.
 14507 | D:8      | Noticed avis's ghost (novice OpTm)
 14694 | D:1      | Bought a ring of poison resistance for 240 gold pieces
 14816 | Lair:1   | Entered Level 1 of the Lair of Beasts
 14963 | Lair:1   | Noticed a komodo dragon
 15236 | D:8      | Found a transporter.
 15273 | D:8      | Reached XP level 10. HP: 63/63 MP: 7/15
 15546 | D:8      | Found a transporter.
 15596 | D:8      | Found Atopli Bigro's Weapon Shoppe.
 15714 | D:8      | Found a staircase to the Lair.
 15869 | Lair:1   | Noticed a cane toad
 16550 | D:9      | Upgraded the game from 0.28-a0-872-g80cf8599ee to
                  | 0.28-a0-883-gc8d7bad45d
 16556 | D:9      | Noticed a cyan ugly thing
 16884 | D:8      | Killed a cane toad
 16885 | D:8      | Reached skill level 10 in Shields
 17009 | Lair:1   | Found a runed translucent door.
 17009 | Lair:1   | Noticed ders's ghost (journeyman GrEE)
 17037 | Lair:1   | Reached skill level 10 in Poison Magic
 17039 | Lair:1   | Reached skill level 5 in Fighting
 17187 | Lair:1   | HP: 2/66 [poisoned by a water moccasin]
 17193 | Lair:1   | HP: 2/66 [water moccasin (7)]
 17729 | Lair:1   | Noticed a cane toad
 17730 | Lair:1   | Noticed a cane toad
 17770 | Lair:1   | Reached skill level 11 in Shields
 18058 | Lair:1   | Reached XP level 11. HP: 38/72 MP: 17/17
 18341 | Lair:1   | HP: 2/72 [cane toad (17)]
 18342 | Lair:1   | Succumbed to a cane toad's poison

Illustrated notes

Levels and vault maps discovered:
D:1:      lemuel_arrival_tunnels, layout_basic, serial_shops,
          nicolae_diamond_shop, minmay_misc_feat_pillars
D:2:      layout_loops_corners, basic_ecumenical_altar, minmay_rat_hole
D:3:      layout_rooms, cheibrodos_ashenzari_chains
D:4:      layout_rooms, minmay_temple_entry_poolview
D:5:      layout_loops_ring, nicolae_shop_firing_range
D:6:      layout_cave_pools, corexii_shack
D:7:      layout_basic, hex_tiny
D:8:      layout_cave_pools, erik_lair_island, gammafunk_ghost_abyssal_escape,
          serial_shops, nicolae_shop_temple_entry_statues_fountains
D:9:      layout_roguey, special_room [special_room_orc]
Temple:   mainiacjoe_temple_starburst
Lair:1:   layout_roguey, gammafunk_ghost_grave

Skill      XL: |  1  2  3  4  5  6  7  8  9 10 |
---------------+-------------------------------+-----
Stealth        | 3 4 |  4.0
Poison Magic   | 4 5 6 7 8 9 10 | 10.0
Fighting       | 1 3 5 |  5.9
Air Magic      | 1 2 3 |  3.0
Shields        | 1 2 4 7 9 11 | 11.4
Conjurations   | 1 2 3 |  3.0
Dodging        | 3 |  3.0
Spellcasting   | 3 4 |  4.0
Transmutations | |  1.0

Action                   |  1- 3 |  4- 6 |  7- 9 | 10-12 || total
-------------------------+-------+-------+-------+-------++-------
Melee: Unarmed           |     9 |       |       |       ||     9
       Constrict         |     7 |     3 |    33 |    19 ||    62
       Dagger            |    30 |    17 |   184 |    87 ||   318
       Tentacles         |     6 |     3 |    42 |    18 ||    69
 Fire: Hunting sling     |       |       |     4 |       ||     4
       Hand crossbow     |       |       |     8 |       ||     8
Throw: Stone             |     5 |     1 |    10 |     3 ||    19
 Cast: Sting             |    16 |     3 |     2 |     2 ||    23
       Poisonous Vapours |    30 |    95 |   146 |    31 ||   302
       Mephitic Cloud    |       |       |    10 |     3 ||    13
       Olgreb's Toxic Ra |       |       |     3 |    11 ||    14
Invok: Draw Destruction  |       |       |     1 |     2 ||     3
       Draw Summoning    |       |       |     1 |       ||     1
       Draw Escape       |       |       |       |     1 ||     1
  Use: Scroll            |       |     5 |     6 |     3 ||    14
       Potion            |       |       |     4 |     6 ||    10
 Stab: Sleeping          |     5 |     2 |     5 |     1 ||    13
       Invisible         |       |       |       |     1 ||     1
Armor: Skin              |       |     2 |    10 |     4 ||    16
Dodge: Dodged            |    20 |    11 |   132 |    65 ||   228
Block: Buckler           |       |     6 |    19 |       ||    25
       Kite shield       |       |       |    40 |    60 ||   100

Table legend: (Time is in decaauts)
 A = Elapsed time spent in this place.
 B = Non-inter-level travel time spent in this place.
 C = Inter-level travel time spent in this place.
 D = Time resting spent in this place.
 E = Time spent auto-exploring this place.
 F = Levels seen in this place.
 G = Mean time per level.
                   A        B        C        D        E       F      G
               +--------+--------+--------+--------+--------+-----+--------+
         Total |  18388 |  17464 |    924 |   8325 |   4801 |  11 | 1671.6 |
       Dungeon |  16222 |  15393 |    829 |   7452 |   4076 |   9 | 1802.4 |
        Temple |    645 |    550 |     95 |      0 |    516 |   1 |  645.0 |
          Lair |   1520 |   1520 |      0 |    873 |    209 |   1 | 1520.0 |
               +--------+--------+--------+--------+--------+-----+--------+

Top non-repeatable levels by time:
     D:8: 4184 daAuts
     D:2: 2660 daAuts
     D:7: 1878 daAuts
     D:5: 1845 daAuts
  Lair:1: 1520 daAuts
     D:4: 1434 daAuts
     D:1: 1360 daAuts
     D:3: 1253 daAuts
     D:6: 1130 daAuts
  Temple: 645 daAuts
     D:9: 474 daAuts
